 Dungeon Sprint DCSS version 0.30-a0-1114-gd936c97349 (webtiles) character file.

Game seed: 9781155279740696807

1301 Conn the Arsonist (level 8, -6/47 HPs)
             Began as an Octopode Fire Elementalist on Apr 21, 2023.
             Was a Believer of Sif Muna.
             Mangled by a boulder beetle (24 damage)
             ... in the Dungeon (Sprint II: "The Violet Keep of Menkaure").
             The game lasted 00:21:51 (1445 turns).

Conn the Arsonist (Octopode Fire Elementalist)      Turns: 1445, Time: 00:21:52

Health: -6/47      AC:  1    Str:  8    XL:     8   Next: 57%
Magic:  8/22       EV: 14    Int: 27    God:    Sif Muna [**....]
Gold:   3          SH:  5    Dex: 12    Spells: 11/27 levels left

rFire   . . .      SeeInvis .    c - +1 great sword "Impbane" {freeze, Int+2 Stlth+}
rCold   . . .      Faith    .    (shield currently unavailable)
rNeg    . . .      Spirit   .    (helmet restricted)
rPois   +          Reflect  +    j - amulet of reflection
rElec   .          Rampage  .    d - +6 ring of intelligence
rCorr   .          NoTele   +    g - ring of poison resistance
Will    .....                    (no ring)
Stlth   +++++                    (no ring)
HPRegen 0.27/turn                (no ring)
MPRegen 0.18/turn                (no ring)
                                 (no ring)
                                 (no ring)

@: no status effects
A: almost no armour, amphibious, 8 rings, camouflage 1, gelatinous body 1,
(nimble swimmer 1), tentacles, subdued magic 1
a: Renounce Religion, Channel Magic


You were in the Dungeon.
You worshipped Sif Muna.
Sif Muna was pleased with you.
You visited 1 branch You collected 997 gold pieces.
You spent 994 gold pieces at shops.

Inventory:

Hand Weapons
 c - the +1 great sword "Impbane" (weapon) {freeze, Int+2 Stlth+}
   (You bought it in a shop in the Dungeon)

   Int:       It affects your intelligence (+2).
   Stlth:     It makes you more stealthy.
Jewellery
 d - a +6 ring of intelligence (left tentacle)
 g - a ring of poison resistance (right tentacle)
 i - a ring of ice
 j - an amulet of reflection (around mantle)
Scrolls
 l - a scroll of enchant weapon
 m - a scroll of summoning
 n - a scroll of fog {unknown}
 o - a scroll of vulnerability {unknown}
 p - 3 scrolls of enchant armour {unknown}
 r - a scroll of blinking
Potions
 a - 6 potions of magic
 b - 2 potions of curing
 e - a potion of haste
 f - a potion of lignification
 h - 3 potions of flight {unknown}
 k - 3 potions of resistance {unknown}
 q - a potion of ambrosia


   Skills:
 + Level 0.7 Fighting
 + Level 5.0 Dodging
 - Level 5.7 Stealth
 * Level 10.4 Spellcasting
 * Level 8.2 Conjurations
 + Level 1.1 Hexes
 + Level 10.8 Fire Magic
 * Level 3.3 Invocations


You had 11 spell levels left.
You knew the following spells:

 Your Spells              Type           Power      Damage    Failure   Level
a - Foxfire               Conj/Fire      100%       2x1d9     1%          1
b - Scorch                Fire           100%       2d9       1%          2
c - Inner Flame           Hex/Fire       35%        N/A       1%          3
d - Flame Wave            Conj/Fire      50%        2d12      1%          4
e - Searing Ray           Conj           90%        2d7       1%          2
f - Fulminant Prism       Conj/Hex       15%        3d10      4%          4

Your spell library contained the following spells:

 Spells                   Type           Power      Damage    Failure   Level
 Magic Dart               Conj           100%       1d8       1%          1
 Volatile Blastmotes      Fire/Tloc      66%        2d15      1%          3


Dungeon Overview and Level Annotations

Branches:
Dungeon (1/1)

Altars:
Cheibriados
Dithmenos
Elyvilon
Fedhas
Gozag
Hepliaklqana
Kikubaaqudgha
Makhleb
Nemelex Xobeh
Okawaru
Qazlal
Ru
Sif Muna
Trog
Uskayaw
Vehumet
Wu Jian
Xom
Yredelemnul
Zin
The Shining One
Jiyva
Lugonu

Shops:
D ?[:!?(!=[*(!:(=

Annotations:
D exclusion: oklob plant


Innate Abilities, Weirdness & Mutations

You cannot wear most types of armour.
You are amphibious.
You can wear up to eight rings at the same time.
Your skin changes colour to match your surroundings (Stealth+).
Your rubbery body absorbs attacks. (AC +1, EV +1)
((You are camouflaged when in or above water. (Stealth+)))
You have tentacles for arms and can constrict up to eight enemies at once.
Your spells are a little easier to cast, but a little less powerful.


Message History

Confirm with . or Enter, or press ? or * to list all spells.
You conjure some foxfire!
Casting: Foxfire (safe; 1% risk of failure)
Confirm with . or Enter, or press ? or * to list all spells.
You conjure some foxfire!
Casting: Foxfire (safe; 1% risk of failure)
Confirm with . or Enter, or press ? or * to list all spells.
Aiming: Fulminant Prism (dangerous; 4% risk of failure)
Press: ? - help, Dir - move target You conjure a prism of explosive energy!
A fulminant prism comes into view.
You open the door.
Your foxfire dissipates! x3
Your fulminant prism crackles loudly.
Your foxfire dissipates!
Your fulminant prism explodes!
The blast of energy engulfs the boulder beetle!!
The boulder beetle is moderately wounded.
Casting: Fulminant Prism (dangerous; 4% risk of failure)
Confirm with . or Enter, or press ? or * to list all spells.
Flames lash the boulder beetle.
The boulder beetle is moderately wounded.
The boulder beetle's fire resistance burns away.
The boulder beetle bites you!
Casting: Scorch (safe; 1% risk of failure)
Confirm with . or Enter, or press ? or * to list all spells.
Casting: Flame Wave (dangerous; 1% risk of failure)
Press: ? - help, Dir - look around, f - activate A wave of flame ripples out!
The flame wave engulfs the boulder beetle!
The boulder beetle is burned terribly!
The boulder beetle is heavily wounded. (Press . to intensify the flame waves.)
The boulder beetle bites you!!
A wave of flame ripples out!
The flame wave engulfs the boulder beetle!
The boulder beetle is burned terribly!
The boulder beetle is severely wounded.
The boulder beetle bites you!!
Ouch! That really hurt!
You die... ##.≈..zzz ~## ≈zzz

############~~#+++#+++##
###########~~~...†.....#
##∩.......#~~~~.##+##..#
##.∩.....∩#~~~~####.##.##
##∩.∩...∩.#~~~~#..##.#...
##.∩.∩.∩.∩#~~####...####.
##..∩.∩.@.#~##.###'###.##
##...∩.∩.B#~#..$##.##...#
##....§...'~'# #'°B.'##.+
##........#~#...##B##...#
#▓▓▓▓▓▓▓###~##.###+###.##
##hhh######~~#####..####~
#!hh#Y ##~~~#.##..#§§~
#∩P$+Y #'#~##†#†##~~§
#?.. ) #[#~~##'##~~~≈


You could see a boulder beetle (combustible), an oklob plant, 2 polar bears and
3 black bears.

Vanquished Creatures
  A polar bear (D)
  A vampire mosquito (D)
  4 neqoxecs (D)
  Menkaure (D)
  2 water moccasins (D)
  4 necrophages (D)
  3 worms (D)
  2 tentacles (D)
18 creatures vanquished.

Vanquished Creatures (others)
  137 foxfires (D)
  3 fulminant prisms (D)
  146 tentacles (D)
286 creatures vanquished.

Grand Total: 304 creatures vanquished

Notes
Turn   | Place    | Note
-------+----------+-------------------------------------------
     0 | D        | Conn the Octopode Fire Elementalist began the quest for the
                  | Orb.
     0 | D        | Reached XP level 1. HP: 11/11 MP: 3/3
     1 | D        | Noticed a boulder beetle
     1 | D        | Noticed a boulder beetle
     4 | D        | Noticed a neqoxec
     4 | D        | Noticed a neqoxec
     4 | D        | Noticed a neqoxec
     4 | D        | Noticed a neqoxec
     7 | D        | Noticed a necrophage
     7 | D        | Noticed a necrophage
     7 | D        | Noticed a necrophage
     7 | D        | Noticed a necrophage
    14 | D        | Killed a necrophage
    15 | D        | Reached skill level 5 in Fire Magic
    15 | D        | Reached XP level 2. HP: 14/17 MP: 4/7
    15 | D        | Reached XP level 3. HP: 17/21 MP: 4/8
    15 | D        | Reached XP level 4. HP: 22/27 MP: 5/10
    19 | D        | Killed a necrophage
    20 | D        | Reached skill level 5 in Spellcasting
    20 | D        | Reached XP level 5. HP: 18/31 MP: 5/12
    29 | D        | Reached XP level 6. HP: 10/36 MP: 6/15
    37 | D        | Learned a level 2 spell: Scorch
    41 | D        | Learned a level 3 spell: Inner Flame
    46 | D        | Learned a level 4 spell: Flame Wave
    59 | D        | Noticed Menkaure
    61 | D        | Killed Menkaure
    62 | D        | Reached skill level 5 in Stealth
   125 | D        | Noticed a water moccasin
   130 | D        | Killed a water moccasin
   131 | D        | Reached skill level 5 in Conjurations
   135 | D        | Noticed a flying skull
   136 | D        | Noticed a flying skull
   174 | D        | Noticed a flying skull
   174 | D        | Noticed a flying skull
   174 | D        | Noticed a flying skull
   175 | D        | Noticed a flying skull
   176 | D        | Noticed a water moccasin
   177 | D        | Noticed a flying skull
   178 | D        | Noticed a flying skull
   178 | D        | Noticed a flying skull
   178 | D        | Noticed a flying skull
   178 | D        | Noticed a flying skull
   178 | D        | Noticed a flying skull
   181 | D        | Killed a water moccasin
   182 | D        | Reached XP level 7. HP: 32/41 MP: 11/18
   211 | D        | Found a glowing golden altar of the Shining One.
   211 | D        | Found an ornate altar of the Wu Jian Council.
   212 | D        | Found a shimmering altar of Xom.
   212 | D        | Found a sacrificial altar of Ru.
   213 | D        | Found a basalt altar of Yredelemnul.
   213 | D        | Found a shimmering blue altar of Sif Muna.
   213 | D        | Found a stormy altar of Qazlal.
   213 | D        | Found a viscous altar of Jiyva.
   214 | D        | Found a glowing silver altar of Zin.
   214 | D        | Found a bloodstained altar of Trog.
   214 | D        | Found an ancient bone altar of Kikubaaqudgha.
   215 | D        | Found a hide-covered altar of Uskayaw.
   215 | D        | Found a corrupted altar of Lugonu.
   215 | D        | Found a shadowy altar of Dithmenos.
   216 | D        | Found a radiant altar of Vehumet.
   216 | D        | Found a burning altar of Makhleb.
   216 | D        | Found a white marble altar of Elyvilon.
   217 | D        | Found a sparkling altar of Nemelex Xobeh.
   217 | D        | Found a blossoming altar of Fedhas.
   219 | D        | Found an iron altar of Okawaru.
   219 | D        | Found an opulent altar of Gozag.
   219 | D        | Found a hazy altar of Hepliaklqana.
   219 | D        | Found a snail-covered altar of Cheibriados.
   224 | D        | Became a worshipper of Sif Muna the Loreminder
   236 | D        | Noticed a kraken
   581 | D        | Learned a level 2 spell: Searing Ray
   586 | D        | Learned a level 4 spell: Fulminant Prism
  1015 | D        | Noticed a yaktaur
  1015 | D        | Noticed a hornet
  1015 | D        | Noticed a polar bear
  1056 | D        | Found Inoub's Distillery.
  1059 | D        | Found Ecapla's Assorted Antiques.
  1059 | D        | Found Vootisus's Weapon Boutique.
  1061 | D        | Found Hayxt's Antique Armour Boutique.
  1061 | D        | Found Gotrulu's Jewellery Shop.
  1061 | D        | Found Fafog's Jewellery Shop.
  1063 | D        | Found Juanil's Distillery.
  1063 | D        | Found Gevu Ysm's Book Boutique.
  1063 | D        | Found Zoeh Sits's Antique Weapon Boutique.
  1065 | D        | Killed a polar bear
  1066 | D        | Reached skill level 10 in Fire Magic
  1131 | D        | Reached * piety under Sif Muna
  1197 | D        | Gained mutation: Your spells are a little easier to cast,
                  | but a little less powerful. [a neqoxec]
  1200 | D        | Killed a neqoxec
  1201 | D        | Reached skill level 1 in Invocations
  1201 | D        | Killed a neqoxec
  1201 | D        | Reached ** piety under Sif Muna
  1202 | D        | Reached XP level 8. HP: 41/47 MP: 8/21
  1204 | D        | Reached skill level 5 in Dodging
  1204 | D        | Reached skill level 10 in Spellcasting
  1204 | D        | Reached skill level 1 in Hexes
  1330 | D        | Found Viezxipt's Antique Weapon Boutique.
  1333 | D        | Found Qameimp's Magic Scroll Boutique.
  1333 | D        | Found Qer Naack's Distillery.
  1333 | D        | Noticed a polar bear
  1333 | D        | Noticed a polar bear
  1333 | D        | Noticed an oklob plant
  1334 | D        | Found Leampati's Antique Armour Shop.
  1334 | D        | Found Xuemis's Magic Scroll Boutique.
  1334 | D        | Found Asoonox's Book Shoppe.
  1340 | D        | Bought a polished great sword for 218 gold pieces
  1340 | D        | Identified the +1 great sword "Impbane" {freeze, Int+2
                  | Stlth+} (You bought it in a shop in the Dungeon)
  1346 | D        | Noticed a yak
  1347 | D        | Noticed a yak
  1357 | D        | Noticed a yak
  1370 | D        | Bought a potion of lignification for 42 gold pieces
  1371 | D        | Bought a ring of poison resistance for 260 gold pieces
  1390 | D        | Bought an amulet of reflection for 360 gold pieces
  1407 | D        | Bought a scroll of blinking for 90 gold pieces
  1411 | D        | Bought a scroll of identify for 24 gold pieces
  1445 | D        | Mangled by a boulder beetle

Illustrated notes

Levels and vault maps discovered:
D:        the_violet_keep_of_menkaure [sprint2_stairs_cluster_1,
          sprint2_shoproom, sprint2_temple, sprint2_basic_supplies,
          sprint2_obstacle_5, sprint2_obstacle_2, sprint2_obstacle_1,
          sprint2_obstacle_3, sprint2_obstacle_7, sprint2_timed_cluster_1,
          sprint2_smallroom_cluster_1, sprint2_smallroom_final_cluster_1,
          sprint2_transparent_cluster_1, sprint2_second_timed_cluster_1,
          sprint2_sniper_area_1, sprint2_heavy_combat_area_1,
          sprint2_mutation_trap_area_1, sprint2_forest_area_1,
          sprint2_light_combat_area_1, sprint2_behind_water_1,
          sprint2_near_end_vault_1]

Skill      XL: |  1  2  3  4  5  6  7  8 |
---------------+-------------------------+-----
Dodging        | 3 4 5 |  5.0
Stealth        | 3 4 5 |  5.7
Spellcasting   | 4 5 6 7 9 10 | 10.4
Conjurations   | 3 4 5 7 8 |  8.2
Fire Magic     | 5 6 8 9 10 | 10.8
Invocations    | 2 3 |  3.3
Hexes          | 1 |  1.1
Fighting       | |  0.7

Action                     |  1- 3 |  4- 6 |  7- 9 || total
---------------------------+-------+-------+-------++-------
  Melee: Unarmed           |     5 |    13 |     1 ||    19
         Tentacles         |     2 |     3 |     1 ||     6
         Constrict         |     1 |     3 |     1 ||     5
         Punch             |     1 |       |       ||     1
   Cast: Scorch            |       |     6 |    30 ||    36
         Foxfire           |       |     2 |    97 ||    99
         Inner Flame       |       |     1 |     2 ||     3
         Flame Wave        |       |       |     5 ||     5
         Fulminant Prism   |       |       |     3 ||     3
    Use: Potion            |     2 |       |     2 ||     4
         Scroll            |       |       |     5 ||     5
 Armour: Skin              |       |       |     3 ||     3
  Dodge: Dodged            |     1 |     2 |    11 ||    14

Table legend: (Time is in decaauts)
 A = Elapsed time spent in this place.
 B = Non-inter-level travel time spent in this place.
 C = Inter-level travel time spent in this place.
 D = Time resting spent in this place.
 E = Time spent auto-exploring this place.
 F = Levels seen in this place.
 G = Mean time per level.
                   A        B        C        D        E       F      G
               +--------+--------+--------+--------+--------+-----+--------+
         Total |   1441 |   1441 |      0 |    476 |      0 |   1 | 1441.0 |
       Dungeon |   1441 |   1441 |      0 |    476 |      0 |   1 | 1441.0 |
               +--------+--------+--------+--------+--------+-----+--------+

Top non-repeatable levels by time:
       D: 1441 daAuts
